NYP
VERMONT LAKE MONSTERS @ SPOKANE INDIANS
06/20/2049
 
TOP OF THE 1ST
Vermont Lake Monsters batting - Pitching for Spokane Indians : LHP Bobby Carroll
Pitching: LHP Bobby Carroll
Batting: RHB Alberto Malagon 0-0: Foul Ball, location: 2F
0-1: Ball
1-1: Called Strike
1-2: Strikes out swinging
Batting: SHB Steve Salafia 0-0: Called Strike
0-1: Ground out 4-3 (Groundball, 34, EV 88.8 MPH)
Batting: RHB Tetsuya Shinoda 0-0: Foul Ball, location: 2F
0-1: SINGLE (Groundball, 4D, EV 97.5 MPH)
Batting: RHB Ryan Jennings 0-0: Called Strike
0-1: Ball
1-1: Fielders Choice at 2nd, 6-4 (Groundball, 6, EV 78.1 MPH)
Top of the 1st over - 0 runs, 1 hit, 0 errors, 1 left on base; Vermont 0 - Spokane 0
BOTTOM OF THE 1ST
Spokane Indians batting - Pitching for Vermont Lake Monsters : RHP Mike Kirk
Pitching: RHP Mike Kirk
Batting: LHB Pablo Cardona 0-0: Ball
1-0: Foul Ball, location: 2F
1-1: Fly out, F7 (Flyball, 7, EV 86.9 MPH)
Batting: RHB Ron Corn 0-0: Ball
1-0: Called Strike
1-1: Ball
2-1: Ball
3-1: Called Strike
3-2: Strikes out looking
Batting: LHB Yasahiko Teshima 0-0: Ball
1-0: Ball
2-0: Ball
3-0: Called Strike
3-1: Foul Ball, location: 2F
3-2: Foul Ball, location: 2F
3-2: Ground out 1-3 (Groundball, 13, EV 67.5 MPH)
Bottom of the 1st over - 0 runs, 0 hits, 0 errors, 0 left on base; Vermont 0 - Spokane 0
TOP OF THE 2ND
Vermont Lake Monsters batting - Pitching for Spokane Indians : LHP Bobby Carroll
Batting: RHB Edgardo Rivera 0-0: Ball
1-0: Called Strike
1-1: Ball
2-1: Foul Ball, location: 2F
2-2: Strikes out swinging
Batting: RHB Jon Coleman 0-0: Ball
1-0: Foul Ball, location: 2F
1-1: Ball
2-1: Called Strike
2-2: Foul Ball, location: 2F
2-2: Foul Ball, location: 2F
2-2: Foul Ball, location: 2F
2-2: SINGLE (Groundball, 6MD, EV 94.4 MPH)
Batting: LHB Felipe Gomez 0-0: Ball
1-0: Ball
2-0: Ball
3-0: 2-RUN HOME RUN (Flyball, 9D, EV 98.1 MPH), Distance : 359 ft
Batting: SHB Matt Sybrant 0-0: Ball
1-0: Swinging Strike
1-1: Ball
2-1: Ball
3-1: Foul Ball, location: 2F
3-2: Strikes out swinging
Batting: SHB Berthold Frey 0-0: Called Strike
0-1: Swinging Strike
0-2: Ball
1-2: Ball
2-2: Ball
3-2: Base on Balls
Batting: RHB Alberto Malagon 0-0: Ball
1-0: Foul Ball, location: 2F
1-1: Foul Ball, location: 2F
1-2: Foul Ball, location: 2F
1-2: SINGLE (Groundball, 6MD, EV 96.2 MPH)
Berthold Frey to second
Runner from 2nd tries for 3rd, SAFE, throw by CF made to third
Alberto Malagon to second
Batting: SHB Steve Salafia 0-0: Ball
1-0: Called Strike
1-1: SINGLE (Groundball, 6D, EV 99.4 MPH)
Berthold Frey scores
Alberto Malagon to third
Runner from 3rd tries for Home, throw by LF and OUT! 7-2
Top of the 2nd over - 3 runs, 4 hits, 0 errors, 1 left on base; Vermont 3 - Spokane 0
BOTTOM OF THE 2ND
Spokane Indians batting - Pitching for Vermont Lake Monsters : RHP Mike Kirk
Batting: RHB Dale Aubrey 0-0: Ball
1-0: Foul Ball, location: 2F
1-1: Foul Ball, location: 2F
1-2: Foul Ball, location: 2F
1-2: SINGLE (Groundball, 4MD, EV 102.5 MPH)
Batting: LHB Lee Gerken 0-0: Ball
Dale Aubrey steals 2nd base
1-0: Ground out 5-3 (Groundball, 56S, EV 87.5 MPH)
Batting: RHB Jerry Castillo 0-0: Ball
1-0: Ball
2-0: Called Strike
2-1: Ball
3-1: Swinging Strike
3-2: Fly out, F9 (Flyball, 9S, EV 87.5 MPH)
Batting: RHB Mike Strey 0-0: Foul Ball, location: 2F
0-1: Foul Ball, location: 2F
0-2: Ball
1-2: Ground out 2-3 (Groundball, 2R, EV 70.0 MPH)
Bottom of the 2nd over - 0 runs, 1 hit, 0 errors, 1 left on base; Vermont 3 - Spokane 0
TOP OF THE 3RD
Vermont Lake Monsters batting - Pitching for Spokane Indians : LHP Bobby Carroll
Batting: RHB Tetsuya Shinoda 0-0: SINGLE (Line Drive, 4D, EV 99.4 MPH)
Batting: RHB Ryan Jennings 0-0: Called Strike
0-1: Foul Ball, location: 2F
0-2: Ball
1-2: Strikes out swinging
Batting: RHB Edgardo Rivera 0-0: SINGLE (Groundball, 56S, EV 73.1 MPH) (infield hit)
Tetsuya Shinoda to second
Batting: RHB Jon Coleman 0-0: Ball
1-0: DOUBLE (Line Drive, 89D, EV 108.1 MPH)
Tetsuya Shinoda scores
Edgardo Rivera to third
Batting: LHB Felipe Gomez 0-0: Swinging Strike
0-1: SINGLE (Flyball, 89S, EV 91.9 MPH)
Edgardo Rivera scores
Jon Coleman to third
Batting: SHB Matt Sybrant 0-0: Ball
1-0: Ball
2-0: Fly out, F7 (Flyball, 7LD, EV 83.8 MPH)
Runner from 3rd tags up, SCORES, no throw by LF
Pitching: RHP Victor Nunez
Batting: SHB Berthold Frey 0-0: Fly out, F8 (Line Drive, 8LM, EV 95.0 MPH)
Top of the 3rd over - 3 runs, 4 hits, 0 errors, 1 left on base; Vermont 6 - Spokane 0
BOTTOM OF THE 3RD
Spokane Indians batting - Pitching for Vermont Lake Monsters : RHP Mike Kirk
Batting: RHB Rick Concha 0-0: Ball
1-0: Ball
2-0: Called Strike
2-1: Called Strike
2-2: Foul Ball, location: 2F
2-2: Strikes out swinging
Batting: SHB Brace Harper 0-0: Ball
1-0: Called Strike
1-1: SINGLE (Line Drive, 6M, EV 104.4 MPH)
Batting: LHB Pablo Cardona 0-0: Called Strike
0-1: Ball
Brace Harper steals 2nd base
1-1: Foul Ball, location: 2F
1-2: Ball
2-2: Ball
3-2: TRIPLE (Flyball, 89XD, EV 95.6 MPH)
Brace Harper scores
Batting: RHB Ron Corn 0-0: Swinging Strike
0-1: Foul Ball, location: 2F
0-2: Ground out 6-3 (Groundball, 6, EV 78.8 MPH)
Pablo Cardona scores
Batting: LHB Yasahiko Teshima 0-0: Fly out, F8 (Line Drive, 8LM, EV 102.5 MPH)
Bottom of the 3rd over - 2 runs, 2 hits, 0 errors, 0 left on base; Vermont 6 - Spokane 2
TOP OF THE 4TH
Vermont Lake Monsters batting - Pitching for Spokane Indians : RHP Victor Nunez
Batting: RHB Alberto Malagon 0-0: Ball
1-0: Called Strike
1-1: Ball
2-1: Ground out 1-3 (Groundball, 15S, EV 68.8 MPH)
Batting: SHB Steve Salafia 0-0: Called Strike
0-1: Ball
1-1: SOLO HOME RUN (Flyball, 9LD, EV 93.1 MPH), Distance : 350 ft
Batting: RHB Tetsuya Shinoda 0-0: Swinging Strike
0-1: Foul Ball, location: 2F
0-2: Foul Ball, location: 2F
0-2: Foul Ball, location: 2F
0-2: Foul Ball, location: 2F
0-2: SINGLE (Groundball, 6MD, EV 95.0 MPH)
Batting: RHB Ryan Jennings 0-0: Ball
1-0: Ball
2-0: Ball
3-0: Called Strike
3-1: Base on Balls
Tetsuya Shinoda to second
Batting: RHB Edgardo Rivera 0-0: Ball
1-0: Ball
2-0: Ball
3-0: Called Strike
3-1: Called Strike
3-2: Strikes out swinging
Batting: RHB Jon Coleman 0-0: Foul Ball, location: 2F
0-1: Ball
1-1: Foul Ball, location: 2F
1-2: Strikes out looking
Top of the 4th over - 1 run, 2 hits, 0 errors, 2 left on base; Vermont 7 - Spokane 2
BOTTOM OF THE 4TH
Spokane Indians batting - Pitching for Vermont Lake Monsters : RHP Mike Kirk
Batting: RHB Dale Aubrey 0-0: SINGLE (Line Drive, 6D, EV 97.5 MPH)
Batting: LHB Lee Gerken 0-0: Foul Ball, location: 2F
0-1: Ball
1-1: Called Strike
Dale Aubrey steals 2nd base
1-2: Ball
2-2: Foul Ball, location: 2F
2-2: Strikes out looking
Batting: RHB Jerry Castillo 0-0: Fly out, F9 (Flyball, 89S, EV 78.1 MPH)
Batting: RHB Mike Strey 0-0: Ball
1-0: Called Strike
1-1: Ball
2-1: Called Strike
2-2: Foul Ball, location: 2F
2-2: Strikes out swinging
Bottom of the 4th over - 0 runs, 1 hit, 0 errors, 1 left on base; Vermont 7 - Spokane 2
TOP OF THE 5TH
Vermont Lake Monsters batting - Pitching for Spokane Indians : RHP Victor Nunez
Batting: LHB Felipe Gomez 0-0: Ball
1-0: Foul Ball, location: 2F
1-1: Swinging Strike
1-2: Ball
2-2: Foul Ball, location: 2F
2-2: Strikes out swinging
Batting: SHB Matt Sybrant 0-0: Called Strike
0-1: Called Strike
0-2: Strikes out looking
Batting: SHB Berthold Frey 0-0: Ball
1-0: Ball
2-0: Swinging Strike
2-1: Ball
3-1: Base on Balls
Batting: RHB Alberto Malagon 0-0: Called Strike
0-1: Swinging Strike
Passed Ball!
Berthold Frey to second
0-2: Ball
1-2: Strikes out looking
Top of the 5th over - 0 runs, 0 hits, 0 errors, 1 left on base; Vermont 7 - Spokane 2
BOTTOM OF THE 5TH
Spokane Indians batting - Pitching for Vermont Lake Monsters : RHP Mike Kirk
Batting: RHB Rick Concha 0-0: SINGLE (Line Drive, 6MD, EV 99.4 MPH)
Batting: SHB Brace Harper 0-0: Ball
Rick Concha steals 2nd base (no throw)
1-0: Called Strike
Rick Concha steals 3rd, throwing error, E2
Rick Concha scores
1-1: Ball
2-1: Foul Ball, location: 2F
2-2: Ground out 4-3 (Groundball, 4, EV 87.5 MPH)
Batting: LHB Pablo Cardona 0-0: Foul Ball, location: 2F
0-1: Ball
1-1: Foul Ball, location: 2F
1-2: Foul Ball, location: 2F
1-2: Ball
2-2: DOUBLE (Flyball, 78D, EV 106.9 MPH)
Batting: RHB Ron Corn 0-0: Foul Ball, location: 2F
0-1: Swinging Strike
0-2: Strikes out swinging
Batting: LHB Yasahiko Teshima 0-0: Ball
1-0: Ball
2-0: Ball
3-0: Fly out, F8 (Flyball, 8RD, EV 95.0 MPH)
Bottom of the 5th over - 1 run, 2 hits, 1 error, 1 left on base; Vermont 7 - Spokane 3
TOP OF THE 6TH
Vermont Lake Monsters batting - Pitching for Spokane Indians : RHP Victor Nunez
Batting: SHB Steve Salafia 0-0: Foul Ball, location: 2F
0-1: Ball
1-1: Ball
2-1: Ball
3-1: Foul Ball, location: 2F
3-2: Strikes out looking
Batting: RHB Tetsuya Shinoda 0-0: Foul Ball, location: 2F
0-1: Foul Ball, location: 2F
0-2: Foul Ball, location: 2F
0-2: Strikes out swinging
Batting: RHB Ryan Jennings 0-0: Called Strike
0-1: Ball
1-1: Foul Ball, location: 2F
1-2: Strikes out swinging
Top of the 6th over - 0 runs, 0 hits, 0 errors, 0 left on base; Vermont 7 - Spokane 3
BOTTOM OF THE 6TH
Spokane Indians batting - Pitching for Vermont Lake Monsters : RHP Mike Kirk
Batting: RHB Dale Aubrey 0-0: Foul Ball, location: 2F
0-1: Swinging Strike
0-2: Strikes out swinging
Batting: LHB Lee Gerken 0-0: Swinging Strike
0-1: Ball
1-1: Swinging Strike
1-2: Fly out, F7 (Flyball, 7, EV 75.6 MPH)
Batting: RHB Jerry Castillo 0-0: Ball
1-0: Ball
2-0: Foul Ball, location: 2F
2-1: Foul Ball, location: 2F
2-2: SINGLE (Flyball, 3D, EV 93.1 MPH)
Pitching: RHP Herman McPherson
Batting: RHB Mike Strey 0-0: Ball
1-0: Fielders Choice at 2nd, 6-4 (Groundball, 6, EV 84.4 MPH)
Bottom of the 6th over - 0 runs, 1 hit, 0 errors, 1 left on base; Vermont 7 - Spokane 3
TOP OF THE 7TH
Vermont Lake Monsters batting - Pitching for Spokane Indians : RHP Victor Nunez
Pitching: RHP Errol Dondale
Batting: RHB Edgardo Rivera 0-0: Swinging Strike
0-1: Ball
1-1: Foul Ball, location: 2F
1-2: Strikes out looking
Batting: RHB Jon Coleman 0-0: Called Strike
0-1: Ball
1-1: Ball
2-1: Foul Ball, location: 2F
2-2: Ball
3-2: Strikes out swinging
Batting: LHB Felipe Gomez 0-0: Called Strike
0-1: Called Strike
0-2: Strikes out swinging
Top of the 7th over - 0 runs, 0 hits, 0 errors, 0 left on base; Vermont 7 - Spokane 3
BOTTOM OF THE 7TH
Spokane Indians batting - Pitching for Vermont Lake Monsters : RHP Herman McPherson
Batting: RHB Rick Concha 0-0: SINGLE (Line Drive, 9S, EV 98.1 MPH)
Batting: SHB Brace Harper 0-0: Ball
1-0: Ball
2-0: Ball
3-0: Foul Ball, location: 2F
3-1: Swinging Strike
3-2: Fielders Choice at 2nd, 4-6 (Groundball, 34D, EV 106.2 MPH)
Batting: LHB Pablo Cardona 0-0: Ball
Brace Harper steals 2nd base (no throw)
1-0: Called Strike
Brace Harper steals 3rd base
1-1: Ball
2-1: Fly out, F7 (Flyball, 7, EV 91.2 MPH)
Runner from 3rd tags up, SCORES, throw by LF
Pinch Hitting: LHB Brian Gray 0-0: Foul Ball, location: 2F
0-1: Foul Ball, location: 2F
0-2: Foul Ball, location: 2F
0-2: Ball
1-2: DOUBLE (Line Drive, 78D, EV 101.9 MPH)
Batting: LHB Yasahiko Teshima 0-0: Ball
1-0: Called Strike
1-1: Foul Ball, location: 2F
1-2: Ground out 4-3 (Groundball, 34, EV 85.0 MPH)
Bottom of the 7th over - 1 run, 2 hits, 0 errors, 1 left on base; Vermont 7 - Spokane 4
TOP OF THE 8TH
Vermont Lake Monsters batting - Pitching for Spokane Indians : RHP Errol Dondale
Now in RF: Brian Gray
Batting: SHB Matt Sybrant 0-0: Called Strike
0-1: Fly out, F9 (Flyball, 9LMF, EV 86.9 MPH)
Batting: SHB Berthold Frey 0-0: Ball
1-0: Ball
2-0: Ball
3-0: Base on Balls
Batting: RHB Alberto Malagon 0-0: Ball
1-0: Foul Ball, location: 2F
1-1: Swinging Strike
1-2: Strikes out swinging
Batting: SHB Steve Salafia 0-0: Ball
1-0: Ball
2-0: Ball
Berthold Frey is caught stealing 2nd base 2-6
Top of the 8th over - 0 runs, 0 hits, 0 errors, 0 left on base; Vermont 7 - Spokane 4
BOTTOM OF THE 8TH
Spokane Indians batting - Pitching for Vermont Lake Monsters : RHP Herman McPherson
Batting: RHB Dale Aubrey 0-0: Fly out, F8 (Flyball, 8LD, EV 100.0 MPH)
Batting: LHB Lee Gerken 0-0: Called Strike
0-1: Swinging Strike
0-2: DOUBLE (Groundball, 3L, EV 106.2 MPH)
Pitching: RHP Bobby Feig
Pinch Hitting: LHB Gabriel Graves 0-0: Called Strike
0-1: Called Strike
0-2: Foul Ball, location: 2F
0-2: Ball
1-2: Ground out 4-3 (Groundball, 4, EV 86.2 MPH)
Lee Gerken to third
Batting: RHB Mike Strey 0-0: Called Strike
0-1: Ball
1-1: Foul Ball, location: 2F
1-2: Foul Ball, location: 2F
1-2: Fly out, F8 (Flyball, 8RS, EV 80.6 MPH)
Bottom of the 8th over - 0 runs, 1 hit, 0 errors, 1 left on base; Vermont 7 - Spokane 4
TOP OF THE 9TH
Vermont Lake Monsters batting - Pitching for Spokane Indians : RHP Errol Dondale
Now at 2B: Gabriel Graves
Batting: SHB Steve Salafia 0-0: Ground out 6-3 (Groundball, 6MS, EV 68.8 MPH)
Batting: RHB Tetsuya Shinoda 0-0: Ground out U3 (Groundball, 34, EV 105.0 MPH)
Batting: RHB Ryan Jennings 0-0: Ball
1-0: Ball
2-0: Ball
3-0: Called Strike
3-1: Foul Ball, location: 2F
3-2: Strikes out looking
Top of the 9th over - 0 runs, 0 hits, 0 errors, 0 left on base; Vermont 7 - Spokane 4
BOTTOM OF THE 9TH
Spokane Indians batting - Pitching for Vermont Lake Monsters : RHP Bobby Feig
Batting: RHB Rick Concha 0-0: Ball
1-0: Called Strike
1-1: Ball
2-1: Foul Ball, location: 2F
2-2: Foul Ball, location: 2F
2-2: Strikes out looking
Batting: SHB Brace Harper 0-0: Ball
1-0: Ball
2-0: Swinging Strike
2-1: Swinging Strike
2-2: Ball
3-2: Ground out U3 (Groundball, 3, EV 107.5 MPH)
Batting: LHB Pablo Cardona 0-0: Swinging Strike
0-1: SINGLE (Groundball, 6D, EV 105.0 MPH)
Batting: LHB Brian Gray 0-0: DOUBLE (Flyball, 8RD, EV 83.8 MPH)
Pablo Cardona to third
Batting: LHB Yasahiko Teshima 0-0: Ball
1-0: Foul Ball, location: 2F
1-1: Ground out 6-3 (Groundball, 4M, EV 85.6 MPH)
Bottom of the 9th over - 0 runs, 2 hits, 0 errors, 2 left on base; Vermont 7 - Spokane 4
Sunday, July 16th , 2023 - OOTP Baseball 24.6 Build 69